 Dungeon Crawl Stone Soup version 0.29.1-4-g47bece8355 (webtiles) character file.

Game seed: 16177371081404931807

82 Mune the Shield-Bearer (level 4, -1/44 HPs)
             Began as a Troll Fighter on Dec 4, 2022.
             Slain by Robin
             ... wielding a +0 spear
              (2 damage)
             ... on level 3 of the Dungeon.
             The game lasted 00:03:50 (2331 turns).

Mune the Shield-Bearer (Troll Fighter)              Turns: 2331, Time: 00:03:51

Health: -1/44      AC:  4    Str: 25 (26) XL:     4   Next: 21%
Magic:  3/3        EV:  8    Int:  3 (4)  God:
Gold:   197        SH:  7    Dex:  6 (9)  Spells: 3/3 levels left

rFire   . . .      SeeInvis .     - Unarmed
rCold   . . .      Faith    .   b - +0 kite shield
rNeg    . . .      Spirit   .   a - +0 robe
rPois   .          Reflect  .   (helmet restricted)
rElec   .          Harm     .   (no cloak)
rCorr   .          Rampage  .   (gloves unavailable)
Will    .....                   (boots unavailable)
Stlth   +.........              (no amulet)
HPRegen 0.94/turn               (no ring)
MPRegen 0.08/turn               (no ring)

@: mighty, lethally poisoned (-1 -> -1)
A: large, unfitting armour, claws 3, regeneration 1, shaggy fur 1, tough skin 1
a: no special abilities


You were on level 3 of the Dungeon.
You visited 1 branch of the dungeon, and saw 3 of its levels.

You collected 197 gold pieces.

Inventory:

Missiles
 f - 4 large rocks (quivered)
 p - 7 stones
Armour
 a - a +0 robe (worn)
 b - a +0 kite shield (worn)
Jewellery
 o - a ring of wizardry
Wands
 s - a wand of mindburst (12)
Scrolls
 e - a scroll of blinking {unknown}
 h - 4 scrolls of identify {unknown}
 i - a scroll of brand weapon {unknown}
 j - a scroll of teleportation {unknown}
 k - a scroll of summoning {unknown}
 l - a scroll of fear {unknown}
 q - a scroll of poison {unknown}
 r - a scroll of amnesia {unknown}
 t - a scroll of magic mapping {unknown}
Potions
 c - a potion of might
 g - a potion of heal wounds {unknown}
 m - 2 potions of flight {unknown}
 n - a potion of curing {unknown}
 u - a potion of mutation {unknown}


   Skills:
 + Level 2.6 Fighting
 + Level 3.1 Dodging
 + Level 0.1 Stealth
 + Level 3.2 Shields
 + Level 2.9 Unarmed Combat


You had 3 spell levels left.
You didn't know any spells.
Your spell library contained the following spells:

 Spells                   Type           Power      Damage    Failure   Level
 Sandblast                Erth           0%         2d4       82%         1
 Passwall                 Tmut/Erth      0%         N/A       91%         2
 Gell's Gravitas          Tloc           0%         N/A       99%         3
 Stone Arrow              Conj/Erth      0%         3d7       99%         3
 Teleport Other           Tloc           0%         N/A       99%         3
 Dispersal                Tloc           0%         N/A       100%        6


Dungeon Overview and Level Annotations

Branches:
Dungeon (3/15)

Altars:

Shops:
D:2 ([(

Annotations:
D:3 Robin


Innate Abilities, Weirdness & Mutations

You are too large for most types of armour.
You have claws for hands.
Your natural rate of healing is unusually fast.
You are covered in fur. (AC +1)
You have tough skin. (AC +1)


Message History

Robin throws the goblin at you!
A goblin comes into view. It is wielding a +0 club.
You barely miss the goblin. The goblin hits you with a +0 dagger.
A goblin comes into view. It is wielding a +0 dagger.
The goblin barely misses you.
A goblin comes into view. It is wielding a +0 club.
You feel very mighty all of a sudden. The goblin hits you with a +0 dagger.
The hobgoblin barely misses you.
It was a potion of degeneration.
There was something very wrong with that liquid.
You feel weakened.
You feel dopey.
You feel clumsy. Robin throws the goblin at you! You block the goblin's attack.
The goblin hits you with a +2 dagger of venom.
You are poisoned.
The goblin hits you but does no damage. The hobgoblin barely misses you.
You mangle the goblin!!
You kill the goblin!
You feel sick. The goblin hits you with a +0 dagger.
An endoplasm comes into view.
You block the goblin's attack. The goblin hits you with a +0 club.
The hobgoblin hits you.
You barely miss the goblin.
You feel sick. The goblin barely misses you.
Robin says, "A pitiful Troll like you will never find the ORB!"
The goblin hits you but does no damage. The goblin hits you with a +0 club.
You block the hobgoblin's attack.
The goblin hits you with a +2 dagger of venom.
* * * LOW HITPOINT WARNING * * *
The goblin hits you but does no damage. The goblin hits you with a +0 club.
* * * LOW HITPOINT WARNING * * *
The hobgoblin hits you.
* * * LOW HITPOINT WARNING * * *
Robin closely misses you.
You closely miss the goblin.
You feel sick.
Robin hits you from afar with a +0 spear.
* * * LOW HITPOINT WARNING * * *
The goblin hits you with a +0 dagger.
* * * LOW HITPOINT WARNING * * *
You block the goblin's attack. x2; The hobgoblin closely misses you.
You feel sick. Robin hits you with a +0 spear.
You die...

..#.# #. #.#.# #.#.
#...## #.#.# #....#
#.#.# #.#..### #.#.#####
..#.....##.#.....#
..#.###..#.#..##.# .
..#.####......ggg###gg..
..#...........#.@ggggg..
..#######.#..##g####gJ..
#.# #.##.##.# #. #+#
#.##.##.# #.##.##.#
#.##.##.# #.##....#
#.####..# ... #.#


You could see Robin, an endoplasm, 2 hobgoblins and 9 goblins.

Vanquished Creatures
  3 adders
  A worm (D:2)
  4 dart slugs
  7 ball pythons
  7 bats
  An endoplasm (D:1)
  A giant cockroach (D:1)
  2 hobgoblins (D:2)
  3 kobolds (D:1)
  2 quokkas (D:1)
  2 frilled lizards
  4 goblins
  8 rats
45 creatures vanquished.

Notes
Turn   | Place    | Note
-------+----------+-------------------------------------------
     0 | D:1      | Mune the Troll Fighter began the quest for the Orb.
     0 | D:1      | Reached XP level 1. HP: 22/22 MP: 0/0
   190 | D:1      | Reached XP level 2. HP: 29/29 MP: 1/1
   284 | D:1      | Found a faded altar of an unknown god.
  1575 | D:2      | Reached XP level 3. HP: 36/36 MP: 2/2
  1871 | D:2      | Found Coffyfof's Antique Armour Shoppe.
  1891 | D:2      | Reached XP level 4. HP: 44/44 MP: 3/3
  1914 | D:2      | Found Mappeotz's Weapon Boutique.
  2032 | D:2      | Found Wank's Antique Weapon Boutique.
  2322 | D:3      | Noticed Robin
  2330 | D:3      | HP: 1/44 [goblin/+0 dagger[Robin] (3)]
  2331 | D:3      | Slain by Robin

Illustrated notes

Levels and vault maps discovered:
D:1:      shiori_arrival_elements, layout_basic, ebering_ecumenical_altar_webs,
          minmay_liquid_box, amcnicky_mini_rare_corridor_liquid
D:2:      layout_basic, serial_shops, nicolae_lakefront_shop, shop,
          nicolae_shop_bloodbath_and_beyond
D:3:      layout_basic, uniq_robin

Skill      XL: |  1  2  3 |
---------------+----------+-----
Shields        | 3 |  3.2
Dodging        | 3 |  3.1
Fighting       | |  2.6
Stealth        | |  0.1
Unarmed Combat | |  2.9

Action                   |  1- 3 |  4- 6 || total
-------------------------+-------+-------++-------
Melee: Unarmed           |   112 |    12 ||   124
  Use: Potion            |       |     2 ||     2
 Stab: Held in net/web   |     1 |       ||     1
Armor: Robe              |    60 |     5 ||    65
Dodge: Dodged            |    56 |     8 ||    64
Block: Kite shield       |    58 |     5 ||    63
